AoeStats
← STANLEY8392

Black Forest

510636663Analyzed
2v2 RM · 4h ago on Oct 1, 2026· 62m 50s· 4 players
Game mode
Random Map
Map size
Medium (4 player)
Population
200
Speed
Normal
Resources
Standard
Victory
Conquest
Starting age
Dark Age
Ending age
Imperial Age
RankedLock teamsTeams togetherTeam positionsShared explorationLock speedFull tech treeHidden civsTurbo modeCheats
Victory
Defeat
🇩🇪 Persians · Germany
880
+17
🇩🇪 Vietnamese · Germany
879
+17
🇧🇷 Turks · Brazil
932
-18
🇧🇷 Poles · Brazil
867
-16
InsaneHank
3:16 Loom
13:44 Feudal Age
14:06 Double-Bit Axe
14:11 Horse Collar
19:43 Castle Age
18:11 Gold Mining
20:21 Stone Mining
23:49 Wheelbarrow
24:12 Town Watch
25:00 Heavy Plow
27:11 Bow Saw
30:06 Imperial Age
28:10 Caravan
28:15 Fletching
29:08 Ballistics
29:37 Forging
30:02 Scale Barding Armor
30:54 Conscription
33:24 Gold Shaft Mining
34:09 Elite War Elephant
35:49 Hand Cart
35:56 Bloodlines
36:08 Citadels
37:25 Iron Casting
37:02 Squires
37:04 Husbandry
39:31 Blast Furnace
39:24 Chain Barding Armor
41:45 Chemistry
44:05 Padded Archer Armor
45:12 Parthian Tactics
45:15 Pikeman
47:19 Plate Barding Armor
46:42 Bodkin Arrow
47:29 Thumb Ring
47:44 Leather Archer Armor
50:13 Heavy Cavalry Archer
50:27 Halberdier
53:33 Scale Mail Armor
54:37 Chain Mail Armor
56:42 Plate Mail Armor
56:51 Devotion
61:53 Crop Rotation
Zereus
5:04 Loom
11:39 Feudal Age
12:50 Double-Bit Axe
16:23 Wheelbarrow
18:43 Castle Age
16:58 Horse Collar
17:59 Stone Mining
20:02 Bow Saw
20:35 Heavy Plow
22:14 Gold Mining
23:03 Stone Shaft Mining
24:58 Caravan
24:55 Town Watch
25:27 Hand Cart
32:18 Imperial Age
30:02 Fletching
30:01 Pikeman
31:42 Treadmill Crane
32:24 Ballistics
32:15 Fortified Wall
32:02 Murder Holes
32:27 Elite Skirmisher
33:21 Padded Archer Armor
33:17 Bodkin Arrow
34:29 Squires
36:14 Imperial Skirmisher
37:00 Thumb Ring
37:46 Bracer
38:02 Leather Archer Armor
40:02 Ring Archer Armor
42:37 Husbandry
45:19 Light Cavalry
46:10 Bloodlines
45:27 Crossbowman
47:31 Hoardings
50:00 Chemistry
49:07 Siege Engineers
48:38 Arbalester
58:18 Masonry
60:00 Guilds
60:45 Town Patrol
emersomcivil
0:45 Loom
15:04 Feudal Age
21:57 Castle Age
20:42 Double-Bit Axe
20:50 Gold Mining
21:04 Stone Mining
21:47 Horse Collar
26:45 Bow Saw
36:00 Imperial Age
35:50 Wheelbarrow
35:23 Scale Barding Armor
35:29 Forging
35:21 Scale Mail Armor
35:33 Szlachta Privileges
36:28 Light Cavalry
37:20 Bloodlines
37:12 Husbandry
36:35 Cavalier
37:33 Heavy Plow
38:16 Stone Shaft Mining
37:31 Arson
37:47 Squires
38:19 Chain Barding Armor
38:35 Iron Casting
37:44 Winged Hussar
40:38 Conscription
41:24 Hand Cart
41:44 Caravan
42:31 Elite Obuch
44:51 Chemistry
44:54 Blast Furnace
43:47 Fletching
43:57 Padded Archer Armor
59:46 Pikeman
STANLEY8392
0:49 Loom
10:56 Feudal Age
11:38 Horse Collar
12:09 Double-Bit Axe
14:46 Wheelbarrow
19:47 Castle Age
19:38 Gold Mining
22:01 Bow Saw
21:55 Heavy Plow
23:47 Hand Cart
26:10 Gold Shaft Mining
27:00 Stone Mining
29:53 Imperial Age
28:24 Forging
28:04 Fletching
28:15 Padded Archer Armor
29:05 Scale Mail Armor
29:41 Iron Casting
30:10 Bodkin Arrow
30:31 Leather Archer Armor
32:11 Two-Man Saw
31:49 Scale Barding Armor
33:26 Blast Furnace
34:28 Ring Archer Armor
35:53 Bracer
37:37 Chain Barding Armor
54:09 Plate Barding Armor
Connection lost

Rejoining the realm…

Still unreachable

The connection could not be restored.

Session expired

The server has moved on; the page needs a fresh start.